 Dungeon Crawl Stone Soup version 0.29.1-12-g30fa7ad0bf (webtiles) character file.

Game seed: 3112888499820162126

3599 wormed the Basher (level 10, -2/64 HPs)
             Began as a Gargoyle Fighter on Dec 20, 2022.
             Was a Believer of the Shining One.
             Slain by a two-headed ogre
             ... wielding a +0 giant club
              (23 damage)
             ... on level 8 of the Dungeon.
             The game lasted 00:19:39 (9247 turns).

wormed the Basher (Gargoyle Fighter)                Turns: 9247, Time: 00:19:39

Health: -2/64      AC: 24    Str: 27    XL:     10   Next: 10%
Magic:  10/10      EV:  8    Int: 15    God:    the Shining One [**....]
Gold:   461        SH:  6    Dex: 14    Spells: 9/9 levels left

rFire   . . .      SeeInvis +   B - +0 flail (holy)
rCold   . . .      Faith    .   c - +0 buckler
rNeg    + + .      Spirit   .   m - +0 plate armour
rPois   ∞          Reflect  .   p - +0 helmet
rElec   +          Harm     .   (no cloak)
rCorr   .          Rampage  .   b - +0 pair of gloves
Will    .....                   y - +0 pair of boots
Stlth   ..........              (no amulet)
HPRegen 0.20/turn               l - ring of see invisible
MPRegen 0.12/turn               j - ring of Iclikopn {Int+6 Dex+6}

@: glowing
A: sickness immunity, AC +7, negative energy resistance 1, electricity
resistance, torment resistance 1, petrification resistance, strong 1, sturdy
frame 1
a: Renounce Religion, Divine Shield


You were on level 8 of the Dungeon.
You worshipped the Shining One.
The Shining One was pleased with you.
You visited 2 branches of the dungeon, and saw 10 of its levels.
You also visited: Ossuary.

You collected 461 gold pieces.

Inventory:

Hand Weapons
 g - a +1 whip of flaming
 B - a +0 flail of holy wrath (weapon)
Armour
 b - a +0 pair of gloves (worn)
 c - a +0 buckler (worn)
 m - a +0 plate armour (worn)
 p - a +0 helmet (worn)
 y - a +0 pair of boots (worn)
Jewellery
 j - the ring of Iclikopn (right hand) {Int+6 Dex+6}
   (You acquired it on level 3 of the Dungeon)

   [ring of dexterity]

   Int:       It affects your intelligence (+6).
   Dex:       It affects your dexterity (+6).
 l - a ring of see invisible (left hand)
 G - a ring of protection from cold
Wands
 h - a wand of mindburst (12)
 n - a wand of paralysis (16)
 s - a wand of roots (4)
Scrolls
 o - a scroll of poison
 r - 2 scrolls of identify
 u - a scroll of blinking
 z - 2 scrolls of teleportation
 A - a scroll of brand weapon
 D - a scroll of amnesia
 F - a scroll of silence
Potions
 a - 2 potions of heal wounds
 d - 2 potions of might
 e - a potion of haste
 i - 4 potions of attraction {unknown}
 k - 5 potions of lignification {unknown}
 q - 3 potions of curing {unknown}
 v - a potion of magic
 w - a potion of brilliance {unknown}
 x - a potion of berserk rage
 C - 3 potions of degeneration {unknown}
 E - 2 potions of ambrosia {unknown}


   Skills:
 + Level 7.7 Fighting
 * Level 9.2 Maces & Flails
 + Level 7.7 Armour
 + Level 7.6 Shields


You had 9 spell levels left.
You didn't know any spells.
Your spell library contained the following spells:

 Spells                   Type           Power      Damage    Failure   Level
 Apportation              Tloc           0%         N/A       91%         1
 Magic Dart               Conj           0%         1d3       91%         1
 Necrotise                Necr           0%         1d4       91%         1
 Summon Small Mammal      Summ           0%         N/A       91%         1
 Searing Ray              Conj           0%         2d4       97%         2
 Static Discharge         Conj/Air       0%         3-3/arc   97%         2
 Call Canine Familiar     Summ           0%         N/A       99%         3
 Dazzling Flash           Conj/Hex       0%         N/A       99%         3
 Summon Guardian Golem    Hex/Summ       0%         N/A       99%         3
 Dispel Undead            Necr           0%         3d6       100%        4
 Fulminant Prism          Conj/Hex       0%         3d6       100%        4
 Iskenderun's Mystic Bla  Conj/Tloc      0%         2d3       100%        4
 Sticky Flame             Conj/Fire      0%         2d3       100%        4
 Alistair's Intoxication  Tmut/Pois      0%         N/A       100%        5
 Borgnjor's Vile Clutch   Necr/Erth      0%         N/A       100%        5
 Eringya's Noxious Bog    Tmut/Pois      0%         N/A       100%        6
 Starburst                Conj/Fire      0%         6d3       100%        6


Dungeon Overview and Level Annotations

Branches:
Dungeon (9/15)             Temple (1/1) D:5         Ossuary (visited)
   Lair: D:8-11         Orc: D:9-12

Altars:
Ashenzari
Cheibriados
Dithmenos
Elyvilon
Fedhas
Gozag
Hepliaklqana
Kikubaaqudgha
Makhleb
Nemelex Xobeh
Okawaru
Qazlal
Ru
Sif Muna
Trog
Uskayaw
Vehumet
Wu Jian
Xom
Yredelemnul
Zin
The Shining One

Shops:
D:8 *


Innate Abilities, Weirdness & Mutations

You are immune to sickness and miasma.
Your stone body is resilient. (AC +7)
You are immune to poison.
You resist negative energy. (rN+)
You are resistant to electric shocks. (rElec)
You are resistant to unholy torment.
You are immune to petrification.
Your muscles are strong. (Str +4, Int/Dex -1)
Your movements are slightly less encumbered by armour. (ER -2)


Message History

You climb upwards.
There is a stone staircase leading down here.
You start resting.
HP restored.
There is a stone staircase leading down here.
You climb downwards.
There is a stone staircase leading up here.
You hit the two-headed ogre.
The two-headed ogre is lightly wounded.
You hit the two-headed ogre.
The two-headed ogre is moderately wounded.
The two-headed ogre completely misses you.
The two-headed ogre hits you with a +0 giant club!
You hit the two-headed ogre but do no damage.
The two-headed ogre is moderately wounded.
The two-headed ogre hits you but does no damage. x2
You hit the two-headed ogre.
The two-headed ogre is moderately wounded.
You hit the two-headed ogre.
The two-headed ogre is moderately wounded.
The two-headed ogre hits you with a +0 giant club!!
The two-headed ogre barely misses you.
You sock the two-headed ogre!
The two-headed ogre is heavily wounded.
The two-headed ogre hits you with a +0 giant club.
The two-headed ogre barely misses you.
You hit the two-headed ogre.
The two-headed ogre is heavily wounded.
You hit the two-headed ogre but do no damage.
The two-headed ogre is heavily wounded.
The two-headed ogre closely misses you.
The two-headed ogre hits you with a +0 giant club!
You sock the two-headed ogre!
The two-headed ogre is severely wounded.
The two-headed ogre hits you but does no damage.
The two-headed ogre barely misses you.
The air fills with toxic fumes!
As you read the scroll of poison, it crumbles to dust.
The two-headed ogre hits you with a +0 giant club!!
You die...

....#
#####.##........######...##
######
#.########..#.....#...#
.....# #....# #..#.###.#.#.#
.....# ####.# #..#.#...#.#.#
.....# #.# #..#.#.###.#..
.....#
###.#####..#.#.#...##.
.#####
#...O......#.#.#.##### .#
#.#)######.#.#.#.# .#
#.#.#@O§##.#.#.#.# .#
#.#.###§§§§§§..#.# .# #.#.#
####§#§###.# .# #.#.#
#.#.....### .#
#O#.######.#######.# .#
#########b#......#.........#
.#
#...b.O.b.######.#########.#
.#
#.##########...............#
.###.# #.###.###########


You could see a two-headed ogre.

Vanquished Creatures
  The ghost of Anandil the Covered, a novice MiFi (D:6)
  Maggie (D:7)
  A hornet (D:8)
  Prince Ribbit (D:8)
  A shadow (D:6)
  3 wyverns
  Edmund (D:6)
  2 orc warriors (D:8)
  A sky beast (D:7)
  An ice beast (D:5)
  An ogre (D:5)
  A black bear (D:5)
  2 centaurs
  2 necrophages
  2 bullfrogs
  2 scorpions (D:4)
  2 howler monkeys
  A crimson imp (D:7)
  4 hounds
  3 jellies
  An orc priest (D:4)
  An iguana (D:6)
  6 orc wizards
  3 hound zombies (Ossuary)
  5 mummies
  An adder (D:6)
  3 worms
  2 dart slugs
  32 orcs
  11 ball pythons
  5 endoplasms
  6 giant cockroaches
  A gnoll zombie (Ossuary)
  8 goblins
  8 hobgoblins
  8 jackals
  13 kobolds
  3 quokkas
  13 bats
  5 frilled lizards
  3 goblin zombies (Ossuary)
  A hobgoblin zombie (Ossuary)
  2 jackal zombies (Ossuary)
  9 rats
  2 rat zombies (Ossuary)
185 creatures vanquished.

Notes
Turn   | Place    | Note
-------+----------+-------------------------------------------
     0 | D:1      | wormed the Gargoyle Fighter began the quest for the Orb.
     0 | D:1      | Reached XP level 1. HP: 14/14 MP: 1/1
   164 | D:1      | Reached XP level 2. HP: 19/19 MP: 2/2
   486 | D:1      | Reached XP level 3. HP: 22/23 MP: 3/3
  1792 | D:2      | Found a faded altar of an unknown god.
  1919 | D:2      | Reached XP level 4. HP: 26/29 MP: 4/4
  1928 | D:2      | Reached skill level 3 in Maces & Flails
  2955 | D:3      | Identified a scroll of acquirement
  2955 | D:3      | Acquired the ring of Iclikopn {Int+6 Dex+6}
  3458 | D:4      | Found a stormy altar of Qazlal.
  3458 | D:4      | Found a shadowy altar of Dithmenos.
  3666 | D:4      | Noticed a scorpion
  3675 | D:4      | Killed a scorpion
  3676 | D:4      | Reached XP level 5. HP: 30/33 MP: 5/5
  3893 | D:4      | Reached skill level 4 in Maces & Flails
  3893 | D:4      | Reached XP level 6. HP: 33/39 MP: 6/6
  4313 | D:5      | Entered Level 5 of the Dungeon
  4345 | D:5      | Found a staircase to the Ecumenical Temple.
  4359 | Temple   | Entered the Ecumenical Temple
  4420 | Temple   | Became a worshipper of the Shining One
  4506 | D:5      | Noticed an ice beast
  4526 | D:5      | Killed an ice beast
  4886 | D:5      | Reached XP level 7. HP: 44/44 MP: 7/7
  4936 | D:5      | Reached skill level 5 in Maces & Flails
  4936 | D:5      | Reached skill level 5 in Armour
  4941 | D:5      | Reached skill level 5 in Fighting
  4941 | D:5      | Reached skill level 5 in Shields
  5672 | D:6      | Reached XP level 8. HP: 44/50 MP: 8/8
  5760 | D:6      | Noticed a shadow
  5761 | D:6      | Found a transporter.
  5761 | D:6      | Noticed Anandil's ghost (novice MiFi)
  5765 | D:6      | Found a transporter.
  5837 | D:6      | Found a sand-covered staircase.
  5847 | Ossuary  | Entered an ossuary
  5847 | Ossuary  | Reached * piety under the Shining One
  5869 | Ossuary  | Reached skill level 6 in Maces & Flails
  6006 | Ossuary  | Reached ** piety under the Shining One
  6118 | D:6      | Noticed Edmund
  6140 | D:6      | Killed Edmund
  6427 | D:6      | Found a bloodstained altar of Trog.
  6614 | D:6      | Killed Anandil's ghost
  6615 | D:6      | Reached skill level 7 in Maces & Flails
  6630 | D:6      | Reached XP level 9. HP: 16/56 MP: 9/9
  6731 | D:7      | Noticed Maggie
  6745 | D:7      | Killed Maggie
  6854 | D:7      | Found a shimmering blue altar of Sif Muna.
  6889 | D:7      | Reached skill level 8 in Maces & Flails
  7366 | D:7      | Found a shimmering altar of Xom.
  7366 | D:7      | Found a burning altar of Makhleb.
  7608 | D:8      | Noticed a hornet
  7619 | D:8      | Killed a hornet
  7647 | D:8      | Gained mutation: You are occasionally teleported next to
                  | monsters. [potion of mutation]
  7649 | D:8      | Lost mutation: You are occasionally teleported next to
                  | monsters. [potion of mutation]
  7649 | D:8      | Gained mutation: Your muscles are strong. (Str +4, Int/Dex
                  | -1) [potion of mutation]
  7649 | D:8      | Gained mutation: Your movements are slightly less
                  | encumbered by armour. (ER -2) [potion of mutation]
  7856 | D:8      | Found Zin's Purification Station.
  7860 | D:8      | Found a glowing silver altar of Zin.
  8377 | D:8      | Reached XP level 10. HP: 61/63 MP: 10/10
  8704 | D:8      | Reached skill level 9 in Maces & Flails
  8835 | D:9      | Noticed Prince Ribbit
  8837 | D:9      | Noticed a two-headed ogre
  8927 | D:8      | Killed Prince Ribbit
  9030 | D:8      | The Shining One protects you from harm!
  9247 | D:8      | Slain by a two-headed ogre

Illustrated notes

Levels and vault maps discovered:
D:1:      zaba_arrival_water, layout_basic, minivault_5
D:2:      layout_basic, chequers_ecumenical_altar_simple, minmay_ruptured
D:3:      layout_basic
D:4:      layout_loops_ring, mainiacjoe_overflow_catwalk_spiral
D:5:      layout_loops_ring, minmay_temple_entry_trees
D:6:      layout_loops_ring, trog_hazing_becter, gammafunk_ghost_arena,
          gup_ossuary_entry_pyramid, uniq_edmund
D:7:      layout_loops_ring, grunt_temple_overflow_champion_of_chaos,
          nicolae_sif_muna_condensation, minmay_misc_feat_roman, uniq_maggie
D:8:      layout_basic, zin_purify
D:9:      layout_cave_pools, serial_demonic, serial_demonic_c, serial_demonic_a,
          serial_demonic_f, serial_demonic_b, uniq_prince_ribbit1
Temple:   eino_wide_crystal_templ

Skill      XL: |  1  2  3  4  5  6  7  8  9 10 |
---------------+-------------------------------+-----
Maces & Flails | 3 4 5 7 8 9 |  9.2
Armour         | 4 5 6 7 |  7.7
Fighting       | 4 5 6 7 |  7.7
Shields        | 4 5 6 7 |  7.6

Action                   |  1- 3 |  4- 6 |  7- 9 | 10-12 || total
-------------------------+-------+-------+-------+-------++-------
Melee: Flail             |    66 |       |   176 |    42 ||   284
       Whip              |   109 |   245 |   231 |       ||   585
Evoke: Wand              |       |       |       |     1 ||     1
  Use: Scroll            |     7 |     8 |     5 |     4 ||    24
       Potion            |       |       |     4 |     3 ||     7
Armor: Scale mail        |    81 |       |       |       ||    81
       Plate armour      |    98 |   158 |   258 |    36 ||   550
Dodge: Dodged            |    96 |    48 |   100 |    21 ||   265
Block: Buckler           |    43 |    57 |   113 |    18 ||   231
